 Dungeon Crawl Stone Soup version 0.22.1-1-ga44c0e5 (webtiles) character file.

1649 Monsterracer the Martial Artist (level 8, -2/61 HPs)
             Began as a Vampire Skald on Oct 6, 2018.
             Was an Initiate of Kikubaaqudgha.
             Slain by a wight
             ... wielding a cursed +5 great sword of freezing
              (16 damage)
             ... on level 5 of the Dungeon.
             The game lasted 00:13:32 (6032 turns).

Monsterracer the Martial Artist (Vampire Skald)     Turns: 6032, Time: 00:13:33

Health: -2/61      AC:  7    Str: 12    XL:     8   Next: 67%
Magic:  9/11       EV: 14    Int: 15    God:    Kikubaaqudgha [......]
Gold:   322        SH:  0    Dex: 14    Spells: 0/11 levels left

rFire    . . .     SeeInvis +     - Unarmed
rCold    . . .     Gourm    .   (no shield)
rNeg     . . .     Faith    .   a - +0 leather armour
rPois    .         Spirit   .   e - +2 helmet
rElec    .         Reflect  .   (no cloak)
rCorr    .         Harm     .   k - +0 pair of gloves
MR       .....                  (no boots)
Stlth    +.........             (no amulet)
HPRegen  0.40/turn              (no ring)
MPRegen  0.12/turn              (no ring)

@: infused, regenerating quickly
A: fangs 3, see invisible, unbreathing
a: Renounce Religion


You were on level 5 of the Dungeon.
You worshipped Kikubaaqudgha.
Kikubaaqudgha was noncommittal.
You were very full.

You visited 2 branches of the dungeon, and saw 7 of its levels.

You collected 322 gold pieces.

Inventory:

Armour
 a - a +0 leather armour (worn)
 e - a +2 helmet (worn)
 k - a +0 pair of gloves (worn)
Scrolls
 l - 2 scrolls of fear {!r}
Potions
 b - 8 potions of curing
 c - 2 potions of heal wounds {unknown}
 d - 5 potions of brilliance
 f - 2 potions of haste
 h - 2 potions of might
 i - a potion of invisibility {unknown}
 j - a potion of agility {unknown}


   Skills:
 + Level 4.9 Fighting
 - Level 0.7 Armour
 + Level 4.4 Dodging
 * Level 8.9 Unarmed Combat
 - Level 2.0 Spellcasting
 + Level 5.0 Charms
 + Level 2.7 Necromancy


You couldn't memorise any spells.
You knew the following spells:

 Your Spells              Type           Power        Failure   Level  Hunger
a - Infusion              Chrm           ###.         3%          1    #......
b - Song of Slaying       Chrm           ###.....     5%          2    ###....
c - Shroud of Golubria    Chrm/Tloc      #.........   16%         2    ###....
d - Spectral Weapon       Hex/Chrm       #.......     30%         3    ###....
j - Regeneration          Chrm/Necr      ##........   17%         3    ###....

Your spell library contained the following spells:

 Spells                   Type           Power        Failure   Level  Hunger


Dungeon Overview and Level Annotations

Branches:
Dungeon (6/15)             Temple (1/1) D:5

Altars:
Ashenzari
Cheibriados
Dithmenos
Elyvilon
Fedhas
Gozag
Hepliaklqana
Kikubaaqudgha
Makhleb
Nemelex Xobeh
Okawaru
Qazlal
Ru
Sif Muna
Trog
Uskayaw
Vehumet
Wu Jian
Xom
Yredelemnul
Zin
The Shining One


Innate Abilities, Weirdness & Mutations

Your natural rate of healing is unusually fast.
You have razor-sharp teeth.
You have supernaturally acute eyesight. (SInv)
You can survive without breathing.


Message History

You now have 9/11 mp.
The wight hits you with a great sword of freezing!
The wight freezes you. The wight hits you but does no damage.
You take 8 damage, and have 50/61 hp.
You closely miss the wight.
The wight is heavily damaged.
The wight barely misses you. The wight closely misses you.
You hit the wight. Your bite misses the wight.
The wight is heavily damaged.
The wight hits you with a great sword of freezing!
The wight freezes you. The wight misses you.
You take 13 damage, and have 37/61 hp.
MASSIVE DAMAGE!!
You now have 8/11 mp.
You punch the wight!
You destroy the wight!
Kikubaaqudgha accepts your kill.
Your Charms skill increases to level 5!
The wight hits you with a great sword of freezing!
* * * LOW HITPOINT WARNING * * *
The wight freezes you.
* * * LOW HITPOINT WARNING * * *
You take 18 damage, and have 19/61 hp.
MASSIVE DAMAGE!!
The wight closely misses you.
You see here 14 stones.
Your magical infusion is running out.
You are no longer magically infusing your attacks.
MP restored: 11
There is a stone staircase leading up here.
You climb upwards.
There is a stone staircase leading down here.
You start resting.
HP restored.
Health restored: 61
Casting: Infusion (safe; 3% risk of failure)
Confirm with . or Enter, or press ? or * to list all spells.
You begin infusing your attacks with magical energy.
You now have 10/11 mp.
You climb downwards.
The wight closely misses you. The wight hits you with a halberd.
There is a stone staircase leading up here.
You take 5 damage, and have 56/61 hp.
Unknown command.
Unknown command.
Unknown command.
You hit the wight but do no damage. You bite the wight, but do no damage.
You punch the wight!
You destroy the wight!
Kikubaaqudgha accepts your kill. The wight barely misses you.
You now have 9/11 mp.
Things that are here:
a halberd; a robe You closely miss the wight.
You bite the wight, but do no damage.
The wight hits you with a great sword of freezing!
The wight freezes you.
You take 12 damage, and have 45/61 hp.
You hit the wight.
The wight is lightly damaged.
The wight misses you.
You barely miss the wight. You punch the wight!
The wight is heavily damaged.
You hit the wight but do no damage.
The wight is heavily damaged.
The wight closely misses you.
You hit the wight. You bite the wight, but do no damage.
The wight is heavily damaged.
The wight hits you with a great sword of freezing!
The wight freezes you!
* * * LOW HITPOINT WARNING * * *
You take 21 damage, and have 25/61 hp.
MASSIVE DAMAGE!!
You now have 8/11 mp.
You closely miss the wight. You bite the wight, but do no damage.
The wight is heavily damaged.
The wight hits you with a great sword of freezing.
* * * LOW HITPOINT WARNING * * *
The wight freezes you.
* * * LOW HITPOINT WARNING * * *
You take 8 damage, and have 17/61 hp.
You hit the wight but do no damage.
The wight is heavily damaged.
You completely miss the wight.
The wight is heavily damaged.
The wight completely misses you.
You barely miss the wight.
The wight is heavily damaged.
You punch the wight!
The wight is almost destroyed.
The wight hits you with a great sword of freezing.
* * * LOW HITPOINT WARNING * * *
The wight freezes you.
* * * LOW HITPOINT WARNING * * *
You take 5 damage, and have 13/61 hp.
You barely miss the wight.
The wight is almost destroyed.
The wight barely misses you.
You completely miss the wight. Your bite misses the wight.
The wight is almost destroyed.
You completely miss the wight.
The wight is almost destroyed.
The wight hits you with a great sword of freezing!
You die...
Kikubaaqudgha rasps: "You have failed me!
Welcome... oblivion!"

....#................#.####[.#
#####.#####..#####.###.####..#
#........#####.# #.##....#
#########.......##.###.#...#.#
......###.##.##.##.......#...#
#####........##.########...###
#.###.#......####.....#######
#####.###.#.###..#...............
...........>...<@#......##.#####.
#####.##.##.####z.......##.#####.
#.##.##.# ###......##.##....
#####.......# #......##.##.##.
.........#### ##.#######.##.#..
####.###.## #.z.# #.......
....####..# #...# ####)#.#
..#.##....# #...# #.z.z..
..#.##.##.#######...##### #.###.#


You could see a wight.

Vanquished Creatures
  Sigmund (D:2)
  2 phantoms
  An ogre (D:5)
  3 centaurs
  2 scorpions (D:6)
  4 wights (D:5)
  3 howler monkeys
  2 crimson imps
  A hound (D:5)
  An orc priest (D:5)
  An orc wizard (D:6)
  Natasha (thrice) (D:2)
  An iguana (D:4)
  2 worker ants
  A hound skeleton (D:5)
  Robin (D:1)
  4 gnolls (D:3)
  10 adders
  2 shadow imps
  A white imp (D:5)
  An ooze (D:5)
  An adder skeleton (D:5)
  3 worms
  2 dart slugs (D:1)
  4 leopard geckos
  5 orcs
  10 bats
  A giant cockroach (D:2)
  21 goblins
  9 hobgoblins
  13 jackals
  4 quokkas
  2 ball pythons
  5 frilled lizards
  4 kobolds (D:1)
  11 rats
  A fungus (D:4)
143 creatures vanquished.

Notes
Turn   | Place    | Note
-------+----------+-------------------------------------------
     0 | D:1      | Monsterracer the Vampire Skald began the quest for the Orb.
     0 | D:1      | Reached XP level 1. HP: 16/16 MP: 3/3
   156 | D:1      | Reached skill level 3 in Unarmed Combat
   173 | D:1      | Reached XP level 2. HP: 22/22 MP: 5/5
   761 | D:1      | Reached XP level 3. HP: 18/27 MP: 3/6
   766 | D:1      | Learned a level 2 spell: Song of Slaying
   770 | D:1      | Learned a level 3 spell: Spectral Weapon
   926 | D:2      | Noticed Robin
   930 | D:2      | Reached skill level 4 in Unarmed Combat
   999 | D:2      | HP: 9/27 [goblin/club[Robin] (5)]
  1076 | D:1      | HP: 12/27 [adder (2)]
  1082 | D:1      | HP: 7/27 [poisoned by an adder]
  1087 | D:1      | HP: 6/27 [poisoned by an adder]
  1094 | D:1      | HP: 6/27 [poisoned by an adder]
  1102 | D:1      | HP: 6/27 [poisoned by an adder]
  1284 | D:1      | Killed Robin
  1355 | D:2      | Reached XP level 4. HP: 33/33 MP: 7/7
  1376 | D:2      | Noticed Natasha
  1383 | D:2      | HP: 16/33 [Natasha (6)]
  1385 | D:2      | Killed Natasha
  1520 | D:2      | Noticed Sigmund
  1553 | D:2      | HP: 13/34 [Sigmund/scythe (7)]
  1650 | D:2      | HP: 15/34 [Sigmund/scythe (9)]
  1657 | D:2      | Killed Sigmund
  1657 | D:2      | Reached skill level 6 in Unarmed Combat
  1657 | D:2      | Reached XP level 5. HP: 20/41 MP: 0/8
  1800 | D:2      | Noticed Natasha
  1810 | D:2      | Killed Natasha
  1810 | D:2      | Reached XP level 6. HP: 41/47 MP: 3/9
  1846 | D:2      | Learned a level 3 spell: Regeneration
  1957 | D:2      | Noticed Natasha
  1976 | D:2      | Killed Natasha
  2734 | D:3      | Found a radiant altar of Vehumet.
  2834 | D:3      | Found a glowing golden altar of the Shining One.
  2835 | D:3      | Found a basalt altar of Yredelemnul.
  2836 | D:3      | Found a hazy altar of Hepliaklqana.
  2840 | D:3      | Found a sacrificial altar of Ru.
  3085 | D:3      | Reached skill level 7 in Unarmed Combat
  3468 | D:4      | Reached XP level 7. HP: 49/53 MP: 7/10
  3831 | D:4      | Found a blossoming altar of Fedhas.
  3833 | D:4      | Found an ancient bone altar of Kikubaaqudgha.
  3842 | D:4      | Found a blossoming altar of Fedhas.
  4112 | D:5      | Entered Level 5 of the Dungeon
  4443 | D:5      | Found a staircase to the Ecumenical Temple.
  4538 | Temple   | Entered the Ecumenical Temple
  4691 | D:4      | Became a worshipper of Kikubaaqudgha
  5055 | D:5      | Reached skill level 8 in Unarmed Combat
  5055 | D:5      | Reached skill level 1 in Necromancy
  5122 | D:5      | Reached XP level 8. HP: 61/61 MP: 8/11
  5126 | D:5      | Learned a level 2 spell: Shroud of Golubria
  5652 | D:6      | HP: 28/61 [worker ant (6)]
  5658 | D:6      | HP: 27/61 [poisoned by a scorpion]
  5664 | D:6      | HP: 26/61 [poisoned by a scorpion]
  5676 | D:6      | HP: 24/61 [shadow imp/nerve-wracking pain (11)]
  5766 | D:6      | HP: 28/61 [wight/enchanted mace (3)]
  5776 | D:6      | HP: 24/61 [wight/stone (2)]
  5783 | D:6      | HP: 19/61 [wight/enchanted battleaxe (8)]
  5909 | D:5      | Reached skill level 5 in Charms
  5909 | D:5      | HP: 24/61 [wight/great sword of freezing (13)]
  6024 | D:5      | HP: 25/61 [wight/great sword of freezing (7)]
  6029 | D:5      | HP: 14/61 [wight/great sword of freezing (5)]
  6032 | D:5      | Slain by a wight

Skill      XL: |  1  2  3  4  5  6  7  8 |
---------------+-------------------------+-----
Unarmed Combat | 3 4 6 7 8 |  8.9
Fighting       | 2 3 4 |  4.9
Dodging        | 3 4 |  4.4
Charms         | 4 5 |  5.0
Necromancy     | 1 2 |  2.7
Armour         | |  0.7
Spellcasting   | |  2.0

Action                   |  1- 3 |  4- 6 |  7- 9 || total
-------------------------+-------+-------+-------++-------
Melee: Unarmed           |   157 |   223 |   226 ||   606
       Bite              |    10 |    24 |    19 ||    53
       Punch             |     2 |     3 |     8 ||    13
 Cast: Infusion          |     8 |    13 |    12 ||    33
       Song of Slaying   |     2 |     7 |     3 ||    12
       Regeneration      |       |       |     3 ||     3
  Use: Potion            |    10 |     9 |    15 ||    34
       Scroll            |       |     6 |     7 ||    13
Armor: Leather armour    |    44 |    84 |    49 ||   177
Dodge: Dodged            |   145 |   166 |   135 ||   446

Vault maps used:
D:1:      evilmike_arrival_hilbert_curve
D:2:      uniq_robin, uniq_sigmund, uniq_natasha
D:3:      vehumet_crystals, minitemple, serial_park_tiny_pond
D:4:      grunt_temple_overflow_growth_and_decay, nrook_mini_backslash,
          fedhas_altar_3
D:5:      temple_hall, first_ration, minmay_fire_ice_demons
Temple:   eino_wide_crystal_templ
